 Dungeon Crawl Stone Soup version 0.22-a0-185-ge330310 (webtiles) character file.

742 Gorglomux the Skirmisher (level 8, -2/62 HPs)
             Began as a Human Skald on Feb 15, 2018.
             Killed by nerve-wracking pain
             ... invoked by an orc priest
              (5 damage)
             ... on level 4 of the Dungeon.
             The game lasted 00:08:52 (4289 turns).

Gorglomux the Skirmisher (Human Skald)              Turns: 4289, Time: 00:08:53

Health: -2/62      AC: 13    Str: 13    XL:     8   Next: 5%
Magic:  11/11      EV:  5    Int: 12    God:
Gold:   52         SH:  0    Dex: 11    Spells: 10/11 levels left

rFire    . . .     SeeInvis .   p - +1 dagger (drain)
rCold    . . .     Gourm    .   (no shield)
rNeg     . . .     Faith    .   g - +0 plate armour
rPois    .         Spirit   .   (helmet restricted)
rElec    .         Reflect  .   (no cloak)
rCorr    .         Harm     .   (no gloves)
MR       .....     Clarity  +   G - +0 pair of boots
Stlth    ..........             (no amulet)
HPRegen  0.20/turn              D - -2 ring of dexterity (curse)
MPRegen  0.12/turn              (no ring)

@: no status effects
A: horns 1, blurry vision 1, clarity, dopey 1
a: no special abilities


You were on level 4 of the Dungeon.
You were not hungry.

You visited 1 branch of the dungeon, and saw 4 of its levels.
You also visited: Sewer.

You collected 151 gold pieces.
You spent 99 gold pieces at shops.

Inventory:

Hand Weapons
 a - a +0 mace
 p - a +1 dagger of draining (weapon)
Armour
 g - a +0 plate armour (worn)
 G - a +0 pair of boots (worn)
Jewellery
 D - a cursed -2 ring of dexterity (left hand)
Wands
 A - a wand of acid (8)
Scrolls
 j - 4 scrolls of teleportation
 k - 3 scrolls of remove curse
 n - a scroll of immolation {unknown}
 o - a scroll of noise {unknown}
 r - 5 scrolls of identify
 u - 2 scrolls of amnesia {unknown}
 v - 2 scrolls of fog
 F - a scroll of enchant armour {unknown}
Potions
 l - a potion of might
 R - a potion of flight
Books
 c - a book of Battle

   Spells                             Type                      Level
   a - Infusion                       Charms                       1
   b - Shroud of Golubria             Charms/Translocation         2
   c - Song of Slaying                Charms                       2
   d - Spectral Weapon                Hexes/Charms                 3
   e - Regeneration                   Charms/Necromancy            3
Comestibles
 d - 4 rations
 S - a chunk of flesh


   Skills:
 + Level 5.1 Fighting
 - Level 2.4 Maces & Flails
 + Level 4.6 Armour
 + Level 5.0 Dodging
 - Level 2.0 Spellcasting
 - Level 3.0 Charms


You had 10 spell levels left.
You knew the following spells:

 Your Spells              Type           Power        Failure   Level  Hunger
a - Infusion              Chrm           #...         100%        1    ##.....


Dungeon Overview and Level Annotations

Branches:
Dungeon (4/15)
 Temple: D:4-7

Altars:
Cheibriados
Kikubaaqudgha
Qazlal
Wu Jian
Yredelemnul
The Shining One

Shops:
D:4 ?

Annotations:
D:3 2 transporters


Innate Abilities, Weirdness & Mutations

You have a pair of small horns on your head.
Scrolls take you a little longer to read.
You possess an exceptional clarity of mind.
You are dopey. (Int -2)


Message History

The orc priest butts heavily wounded!
The orc priest hits you! * * * don't die
* * * Your plate armour prevents you from hitting the orc priest!
You headbutt the orc priest, but do no damage!
The orc priest is heavily wounded!
The orc priest hits you but does no damage!
You barely miss the orc priest!
The orc priest is heavily wounded!
The orc priest calls down the wrath of Beogh upon you!
Pain shoots through your body!!! * * * don't die
* * * Your plate armour prevents you from hitting the orc priest!
The orc priest is heavily wounded!
The orc priest hits you but does no damage!
You butt the orc priest like a kebab!
The orc priest is heavily wounded!
The orc priest mumbles some strange prayers to Beogh against you!
Pain shoots through your body!!! rip

#.....##...........# ##.<.
#....#####.........## ##..
# #....## ##........# #...
####...#
##.(^....#######..#
......# #................#
.....## ##..............##
.....# ##........######..#
.....# ##..o......# #..#
.....# ###..@..##...# ##..
####.# ###.......##...#
#... ... #(..[<.....#...#
##..# ..(..(..........#..#
##..##
.(.....###........####..##
####... ##.............#
##.. ##............# ###
#######..#...# #####..#


You could see an orc priest.

Vanquished Creatures
  Grinder (D:3)
  Sigmund (D:3)
  A big kobold (Sewer)
  Blork the orc (D:4)
  An orc priest (D:3)
  A hound (D:4)
  An orc wizard (D:3)
  A worker ant (D:4)
  2 adders (D:2)
  3 river rats
  6 worms
  4 dart slugs
  2 leopard geckos
  5 orcs
  3 giant cockroaches (D:3)
  2 gnoll zombies (D:3)
  5 hobgoblins
  A jackal (Sewer)
  13 kobolds
  3 quokkas
  2 ball pythons (D:3)
  5 bats
  5 frilled lizards
  7 goblins
  15 rats
91 creatures vanquished.

Vanquished Creatures (others)
  An orc priest (D:4)
1 creature vanquished.

Grand Total: 92 creatures vanquished

Notes
Turn   | Place    | Note
-------+----------+-------------------------------------------
     0 | D:1      | Gorglomux the Human Skald began the quest for the Orb.
     0 | D:1      | Reached XP level 1. HP: 16/16 MP: 3/3
   165 | D:1      | Reached XP level 2. HP: 17/22 MP: 5/5
   542 | D:1      | Reached XP level 3. HP: 20/28 MP: 6/6
   812 | D:2      | Found a faded altar of an unknown god.
  1200 | D:2      | Reached XP level 4. HP: 33/34 MP: 5/7
  1688 | D:3      | Found a transporter.
  1688 | D:3      | Noticed an orc warrior
  1689 | D:3      | Found a snail-covered altar of Cheibriados.
  1691 | D:3      | Noticed an ogre
  1707 | D:3      | Found a glowing golden altar of the Shining One.
  1711 | D:3      | Found a transporter.
  1773 | D:3      | Found a glowing drain.
  1785 | D:3      | Noticed Grinder
  1794 | D:3      | Paralysed by Grinder for 3 turns
  1806 | D:3      | Paralysed by Grinder for 3 turns
  1813 | D:3      | Gained mutation: You are dopey. (Int -2) [potion of mutation]
  1813 | D:3      | Gained mutation: Scrolls take you a little longer to read. [potion of mutation]
  1813 | D:3      | Gained mutation: You possess an exceptional clarity of mind. [potion of mutation]
  1813 | D:3      | Gained mutation: You have a pair of small horns on your head. [potion of mutation]
  1821 | D:3      | Paralysed by Grinder for 4 turns
  1832 | D:3      | Killed Grinder
  1832 | D:3      | Reached skill level 3 in Fighting
  1832 | D:3      | Reached skill level 3 in Armour
  1832 | D:3      | Reached skill level 3 in Dodging
  1832 | D:3      | Reached XP level 5. HP: 34/42 MP: 8/8
  1832 | D:3      | Reached XP level 6. HP: 39/48 MP: 9/9
  2089 | D:3      | Noticed Sigmund
  2122 | D:3      | Killed Sigmund
  2122 | D:3      | Reached XP level 7. HP: 14/54 MP: 10/10
  2782 | D:3      | Found a basalt altar of Yredelemnul.
  3097 | D:3      | Found an ancient bone altar of Kikubaaqudgha.
  3360 | D:4      | Found Jiololy's Magic Scroll Shop.
  3380 | D:4      | Bought a scroll of fog for 22 gold pieces
  3380 | D:4      | Bought a scroll of identify for 22 gold pieces
  3380 | D:4      | Bought a scroll of identify for 22 gold pieces
  3380 | D:4      | Bought a scroll of teleportation for 33 gold pieces
  3470 | D:4      | Found an ornate altar of the Wu Jian Council.
  3564 | D:4      | Found a stormy altar of Qazlal.
  3602 | D:4      | Found a glowing drain.
  3604 | D:4      | Noticed Blork the orc
  3620 | D:4      | Killed Blork the orc
  3696 | Sewer    | Entered a sewer
  3930 | Sewer    | Reached XP level 8. HP: 53/62 MP: 11/11
  3962 | Sewer    | Found a white marble altar of Elyvilon.
  4029 | D:4      | HP: 1/62 [orc priest/divine providence (15)]
  4287 | D:4      | HP: 3/62 [orc priest/nerve-wracking pain (9)]
  4289 | D:4      | Killed from afar by an orc priest

Vault maps used:
D:1:      minmay_arrival_loop
D:2:      chequers_ecumenical_altar_simple
D:3:      lemuel_zombie_altar_yredelemnul, lemuel_round_altar,
          gammafunk_temple_overflow_arena, lemuel_coloured_pillars_altar,
          cheibrodos_sewer_entry_drain, uniq_sigmund, uniq_grinder
D:4:      nicolae_overflow_crystal_walls, grunt_qazlal_clouds, serial_shops,
          shop, portal_sewer_entry_a, lexackson_kobold_supper,
          uniq_blork_the_orc
Sewer:    sewer_kobolds

Skill      XL: |  1  2  3  4  5  6  7 |
---------------+----------------------+-----
Armour         | 2 3 4 |  4.6
Fighting       | 3 4 5 |  5.1
Dodging        | 3 4 5 |  5.0
Maces & Flails | |  2.4
Spellcasting   | |  2.0
Charms         | |  3.0

Action                   |  1- 3 |  4- 6 |  7- 9 || total
-------------------------+-------+-------+-------++-------
Melee: Mace              |    81 |       |       ||    81
       Dagger            |    56 |    85 |   242 ||   383
       Headbutt          |       |     2 |    35 ||    37
Throw: Tomahawk          |     5 |       |    14 ||    19
  Use: Potion            |       |     7 |     3 ||    10
       Scroll            |       |     1 |     2 ||     3
  Eat: Chunk             |     1 |       |     7 ||     8
       Ration            |       |     1 |       ||     1
Armor: Plate armour      |   116 |    58 |   165 ||   339
       Skin              |       |    12 |       ||    12
Dodge: Dodged            |    18 |     9 |    45 ||    72

Table legend:
 A = Spawn XP
 B = Non-spawn XP
 C = Spawn XP percentage of total XP
 D = Spawn monster count
 E = Non-spawn monster count
 F = Spawn count percentage of total count
 G = Total turns spent on level
                    A         B        C        D         E        F      G
               +---------+---------+-------+---------+---------+-------+---------
         Total |       0 |    1061 |   0.0 |       0 |      91 |   0.0 |  4289
               +---------+---------+-------+---------+---------+-------+---------
           D:1 |       0 |      40 |   0.0 |       0 |      21 |   0.0 |   795
           D:2 |       0 |      44 |   0.0 |       0 |      11 |   0.0 |   881
           D:3 |       0 |     624 |   0.0 |       0 |      32 |   0.0 |  1689
           D:4 |       0 |     227 |   0.0 |       0 |      15 |   0.0 |   613
         Sewer |       0 |     126 |   0.0 |       0 |      12 |   0.0 |   311
               +---------+---------+-------+---------+---------+-------+---------
